AoeStats
← RIO1000

Arabia

506410047Analyzed
1v1 RM · 20d ago on Sep 13, 2026· 44m 22s· 2 players
Game mode
Random Map
Map size
Tiny (2 player)
Population
200
Speed
Normal
Resources
Standard
Victory
Conquest
Starting age
Dark Age
Ending age
Imperial Age
RankedLock teamsTeams togetherTeam positionsShared explorationLock speedFull tech treeHidden civsTurbo modeCheats
Victory
Defeat
🇹🇷 Wei · Türkiye
907
+17
🇲🇽 Magyars · Mexico
938
-17
RIO1000
7:50 Loom
9:53 Feudal Age
10:26 Double-Bit Axe
10:23 Horse Collar
18:45 Castle Age
17:06 Gold Mining
19:48 Bow Saw
20:40 Wheelbarrow
21:16 Gold Shaft Mining
21:00 Heavy Plow
20:56 Crossbowman
26:43 Pikeman
29:25 Stone Mining
30:05 Ballistics
30:06 Fletching
31:17 Scale Mail Armor
32:14 Bodkin Arrow
34:39 Chain Mail Armor
35:14 Thumb Ring
40:41 Imperial Age
40:49 Imperial Age
STROMA
6:09 Loom
7:31 Loom
9:50 Feudal Age
12:33 Double-Bit Axe
17:10 Wheelbarrow
20:09 Castle Age
18:00 Horse Collar
18:31 Forging
18:29 Scale Barding Armor
19:03 Bloodlines
19:10 Town Watch
20:34 Forging
21:09 Scale Mail Armor
23:02 Husbandry
23:56 Chain Barding Armor
25:02 Iron Casting
25:57 Bow Saw
25:52 Heavy Plow
26:11 Fletching
27:13 Elite Skirmisher
27:59 Thumb Ring
28:38 Thumb Ring
29:12 Hand Cart
28:57 Town Patrol
29:26 Padded Archer Armor
32:56 Ballistics
32:44 Town Patrol
33:05 Leather Archer Armor
32:55 Bodkin Arrow
38:02 Imperial Age
37:01 Tuntian
38:41 Heavy Hei Guang Cavalry
40:28 Blast Furnace
39:59 Ring Archer Armor
39:30 Bracer
42:17 Capped Ram
44:19 Siege Ram
Connection lost

Rejoining the realm…

Still unreachable

The connection could not be restored.

Session expired

The server has moved on; the page needs a fresh start.